 Dungeon Crawl Stone Soup version 0.13.0-29-gdb529de (webtiles) character file.

565949 JacquesDerrida the Crack Shot (level 24, -2/186 (189) HPs)
             Began as a Demigod Hunter on Oct 27, 2013.
             Slain by a vampire (4 damage)
             ... summoned by Khufu
             ... on Level 5 of the Crypt on Nov 7, 2013.
             The game lasted 07:10:35 (73168 turns).

JacquesDerrida the Crack Shot (Demigod Hunter)     Turns: 73168, Time: 07:10:36

HP  -2/186 (189) AC 25     Str 17 (21) XL: 24   Next: 24%
MP  31/41        EV 23     Int 25 (26) God:
Gold 2017        SH  0     Dex 22      Spells: 10 memorised, 13 levels left

Res.Fire  : . . .   See Invis. : +   b - +7 elf longbow (velocity)
Res.Cold  : + + .   Warding    : .   z - +6 mottled dragon armour
Life Prot.: . . .   Conserve   : +   (no shield)
Res.Poison: .       Res.Corr.  : .   U - +2 wizard hat "Ciggaoleth" {Str+2 Dex+1}
Res.Elec. : .       Clarity    : .   J - +0 cloak (curse)
Sust.Abil.: . .     Spirit.Shd : .   i - +3 pair of gauntlets of War {Acc+5 Dam+5}
Res.Mut.  : .       Stasis     : .   y - +0 pair of boots
Res.Rott. : .       Flight     : .   X - amulet of conservation
Saprovore : . . .                    k - cursed ring of the Evening {Wiz rC++ SInv}
                                     F - +7,+5 ring of slaying

@: silence, studying Necromancy, very slightly contaminated, hasted, flayed,
very quick, very resistant to hostile enchantments, very unstealthy
A: sense surroundings 1
a: no special abilities
}: 3/15 runes: decaying, silver, gossamer


You were on level 5 of the Crypt.
You were not hungry.

You visited 8 branches of the dungeon, and saw 62 of its levels.
You visited 2 bazaars.
You also visited: Labyrinth, Trove and Ice Cave.

You collected 12819 gold pieces.
You spent 10822 gold pieces at shops.

Inventory:

Hand weapons
 b - a +7,+7 elven longbow of velocity (weapon)
Missiles
 c - 17 arrows (quivered)
 g - 79 arrows of frost
 p - 23 arrows of dispersal
 M - 21 arrows of flame
Armour
 i - the +3 pair of gauntlets of War (worn) {Acc+5 Dam+5}
   (You acquired it on level 3 of the Vaults)

   It affects your accuracy (+5).
   It affects your damage-dealing abilities (+5).
 y - a +0 pair of boots (worn)
 z - a +6 mottled dragon armour (worn)
 E - the +2 cloak of Genyryd {rF+ Int-3}
   (You found it on level 5 of the Vaults)

   It affects your intelligence (-3).
   It protects you from fire.
 J - a cursed +0 cloak (worn)
 Q - a +0 cloak
 U - the +2 wizard hat "Ciggaoleth" (worn) {Str+2 Dex+1}
   (You found it on level 5 of the Vaults)

   It affects your strength (+2).
   It affects your dexterity (+1).
Magical devices
 e - a wand of disintegration (11)
 n - a wand of heal wounds (9)
 H - a wand of teleportation (5)
 L - a wand of digging (9)
Comestibles
 f - 4 bread rations
Scrolls
 a - a scroll of amnesia
 j - 3 scrolls of fear
 l - 11 scrolls of identify
 m - 7 scrolls of remove curse
 r - a scroll of blinking
 t - 6 scrolls of magic mapping
 v - a scroll of holy word
 C - 2 scrolls of recharging
 R - a scroll of enchant armour
Jewellery
 k - the cursed ring of the Evening (right hand) {Wiz rC++ SInv}
   (You found it on level 17 of the Dungeon)

   [ring of wizardry]

   It greatly protects you from cold.
   It enhances your eyesight.
   It has a curse placed upon it.
 o - the ring of Kurph {MP+9 Acc+4}
   (You found it on level 5 of the Crypt)

   [ring of magical power]

   It affects your accuracy (+4).
 s - a +5 ring of strength
 w - the ring of the Duchess {SustAb Dex+3 Dam+4}
   (You bought it in a shop on level 14 of the Dungeon)

   [ring of sustain abilities]

   It affects your dexterity (+3).
   It affects your damage-dealing abilities (+4).
 F - a +7,+5 ring of slaying (left hand)
 N - the amulet of Cekugob {Ward -Tele Hunger rElec rPois rN+ AC+1 EV+1}
   (You found it in an ice cave)

   [amulet of warding]

   It affects your AC (+1).
   It affects your evasion (+1).
   It insulates you from electricity.
   It protects you from poison.
   It protects you from negative energy.
   It prevents most forms of teleportation.
   It speeds your metabolism.
 S - an uncursed amulet of stasis
 T - the ring "Frihuawk" {rF+ rC+ rN+}
   (You found it on level 5 of the Vaults)

   [ring of protection from cold]

   It protects you from fire.
   It protects you from negative energy.
 X - an amulet of conservation (around neck)
Potions
 h - 2 potions of resistance
 q - 9 potions of curing
 x - 2 potions of heal wounds
 D - 2 potions of agility
 O - 5 potions of restore abilities
 Y - 2 potions of brilliance
Books
 d - a manual of Necromancy
 A - a Necronomicon This book is beyond your current level of understanding.

   Spells                             Type                      Level
   Borgnjor's Revivification          Necromancy                   7
   Haunt                              Necromancy/Summoning         7
   Death's Door                       Charms/Necromancy            8
   Necromutation                      Transmutation/Necromancy     8
Miscellaneous
 u - a lamp of fire
 B - a lamp of fire
 I - a phial of floods
 P - a phial of floods
 V - a lamp of fire
 Z - a fan of gales


   Skills:
 - Level 9.8 Fighting
   Level 7.0 Axes
 - Level 23.0 Bows
 - Level 13.0 Armour
 - Level 11.5 Dodging
 - Level 0.8 Stealth
 + Level 11.4 Spellcasting
 - Level 6.1 Hexes
 - Level 11.9 Charms
 - Level 1.4 Translocations
 + Level 20.9 Air Magic
 - Level 12.9 Evocations


You had 13 spell levels left.
You knew the following spells:

 Your Spells              Type           Power        Failure   Level  Hunger
a - Corpse Rot            Necr           N/A          3%          2    None
b - Flight                Chrm/Air       #######...   0%          3    None
c - Portal Projectile     Tloc           ###...       1%          2    None
d - Repel Missiles        Chrm/Air       #######...   0%          2    None
e - Regeneration          Chrm/Necr      #####.....   1%          3    None
f - Haste                 Chrm           ######..     2%          6    #####..
g - Control Teleport      Chrm/Tloc      #####.....   1%          4    None
h - Silence               Hex/Air        ######....   1%          5    ###....
i - Swiftness             Chrm/Air       #######...   0%          2    None
j - Abjuration            Summ           ##........   5%          3    None


Dungeon Overview and Level Annotations

Branches:
Dungeon (27/27)            Temple (0/1) D:4             Orc (4/4) D:6
    Elf (3/3) Orc:3          Lair (8/8) D:9           Swamp (5/5) Lair:3
 Spider (5/5) Lair:5        Slime (0/6) Lair:7       Vaults (5/5) D:19
  Blade (0/1) Vaults:3      Crypt (5/5) Vaults:2        Zot (0/5) D:27
   Tomb: Crypt:2-3

Shops:
D:4 *   D:7 /[*[   D:8 *   D:9 =   D:10 *   D:11 (   D:14 =%=*+   D:18 }
Orc:4 ![[%   Elf:1 /   Elf:2 /   Vaults:2 %   Vaults:3 (!(   Vaults:5 }

Portals:
Hell: D:21 D:22 D:23 D:24 D:25 D:26 D:27 Lair:8
Abyss: D:21 D:25
Pandemonium: D:21 D:22 D:24 D:25

Annotations:
D:3 exclusion: jelly
D:18 Well shit
Lair:5 exclusion: oklob plant
Lair:6 exclusion: door


Innate Abilities, Weirdness & Mutations

You passively map a small area around you.


Message History

Death has come for you... The wight completely misses you.
The guardian mummy closely misses you.
Evoke which item? (* to show all) (? for menu, Esc to quit)
Okay, then.
Press: ? - help, v - describe, . - travel A stone wall.
The vampire hits you. The vampire closely misses you.
Found 33 gold pieces.
You see here 8 arrows.
Found 21 gold pieces.
The flayed ghost stares at you with tortured malice.
Terrible wounds spread across more of your body!
* * * LOW HITPOINT WARNING * * *
Found 18 stones.
The reaper hits you from afar with a glowing scythe!
* * * LOW HITPOINT WARNING * * *
The reaper freezes you.
* * * LOW HITPOINT WARNING * * *
The vampire hits you.
You die...

######### * (.%.$..$ * , .......
, #..### * , ,## , ..(.. *#....##
#.#####'('#####.#.8.8.## ,
#.....(...(.....#......## ...
#..8...M.....8..#.".....##
.......#.....MZ.(......#........#
.......#..8..(zp@...8..#........#
.......##.....zV......##.........
........#.8...2((...8.#..........
........#....#)'(#....#......[.#'
#z8...8.#...##...##...#.8...8.##.
#.......#..##.....##..#.....}.##.
#.......####.......####.......##.
#.((.....#...8...8...#........##.
#[.......#...........#........#..


You could see a reaper, a flayed ghost, 2 guardian mummies, a flaming corpse, a
vampire, a wight and a wind drake skeleton.

Vanquished Creatures
  Khufu (Crypt:5)
  An ancient lich (Crypt:4)
  Saint Roka (Vaults:4)
  Boris (twice) (D:21 Swamp:5)
  Sojobo (Vaults:4)
  Mara (D:21)
  4 golden dragons
  Nikola (D:15)
  2 bone dragons
  Arachne (Spider:2)
  5 liches
  The ghost of Vidiiot the Stickfighter, a great TeGl of the Shining One (Crypt:4)
  A tentacled monstrosity (Vaults:5)
  An Ice Fiend (D:24)
  The ghost of yokelz the Slayer, a mighty GrBe of Trog (Vaults:3)
  2 titans
  A deep elf blademaster (Elf:3)
  A deep elf master archer (Elf:3)
  7 sphinxes
  5 storm dragons
  15 tengu reavers
  3 shadow dragons (Vaults:5)
  6 ancient champions
  3 revenants
  A draconian monk (D:27)
  5 fire giants
  16 deep elf sorcerers
  A draconian knight (D:27)
  8 ghouls
  Donald (Crypt:1)
  Maud (D:14)
  A draconian scorcher (D:27)
  The ghost of ereinion the Minotaur Blade, a powerful MiBe of Trog (D:17)
  15 vault wardens
  The ghost of Scotch the Impaler, a powerful DgHu (D:19)
  Aizul (Spider:4)
  7 frost giants
  2 curse skulls
  4 ghost moths
  5 emperor scorpions
  An orc warlord (D:24)
  Jorgrun (Crypt:5)
  A draconian annihilator (D:27)
  42 stone giants
  4 reapers
  The ghost of CowboyDan the Unseen, a powerful SpAr of Nemelex Xobeh (Lair:6)
  4 vampire knights
  A greater naga (D:24)
  4 eidola
  6 deep elf demonologists (Elf:3)
  2 pale draconians (D:27)
  2 mottled draconians (D:27)
  A yellow draconian (D:27)
  6 deep elf annihilators (Elf:3)
  A red draconian (D:27)
  2 white draconians (D:27)
  2 unborn (Crypt:5)
  A large abomination (D:26)
  A green death (Crypt:5)
  A spriggan air mage (D:24)
  6 deep elf death magi
  6 ettins
  Snorg (D:18)
  2 minotaurs
  2 mummy priests (Crypt:5)
  22 vault guards
  2 great orbs of eyes
  A siren (shapeshifter) (Vaults:4)
  3 dragons
  19 jiangshi
  3 salamanders (Bazaar)
  2 death cobs (Crypt:5)
  6 ice dragons
  5 deep elf high priests
  35 yaktaur captains
  Harold (Orc:2)
  A dancing weapon (Vaults:3)
  13 hydras
  Nessos (Elf:1)
  2 ravenous feature mimics
  11 ironheart preservers
  A ravenous item mimic (D:21)
  11 ogre magi
  Erica (Orc:2)
  7 deep troll earth magi
  A spriggan zombie (D:24)
  14 death yaks
  3 vampire magi
  3 deep dwarf death knights
  2 plague shamblers (Crypt:5)
  7 deep troll shamans
  4 naga warriors (D:24)
  23 centaur warriors
  2 soul eaters
  Urug (Orc:2)
  14 very ugly things
  A rakshasa (D:17)
  3 sun demons
  A spectral elf (Elf:2)
  7 iron golems (D:18)
  An ice devil (Elf:3)
  A fire crab (Vaults:1)
  A hell knight (Crypt:5)
  40 skeletal warriors
  4 unseen horrors
  5 wizards
  3 storm dragon skeletons
  8 iron trolls
  7 shadow wraiths
  8 orc high priests
  17 deep elf knights
  2 death drakes (shapeshifter)
  A swamp dragon (Swamp:2)
  10 alligators
  An anaconda zombie (Crypt:1)
  2 unseen horrors (shapeshifter)
  2 giant orange brains (shapeshifter)
  10 ironbrand convokers
  An ice statue (IceCv)
  4 giant amoebae
  12 deep trolls
  14 flayed ghosts
  A harpy (shapeshifter) (Vaults:3)
  A giant amoeba (shapeshifter) (D:27)
  8 necromancers
  35 orc knights
  28 wolf spiders
  13 hill giants
  19 deep elf conjurers
  An iron dragon zombie (Crypt:1)
  A wolf spider zombie (D:15)
  6 griffons
  A shining eye (D:25)
  9 harpies
  7 red wasps
  8 phantasmal warriors
  A sixfirhy (Elf:3)
  3 sphinx skeletons
  13 orc sorcerers
  A flaming corpse (Crypt:2)
  12 stone golems (Elf:3)
  10 cyclopes
  4 spiny worms
  3 stone giant zombies
  An iron dragon skeleton (Crypt:4)
  A frost giant skeleton (Crypt:2)
  8 stone giant skeletons
  4 black mambas
  5 orange demons
  3 fire giant skeletons
  An eye of devastation (shapeshifter) (Vaults:5)
  An elephant (shapeshifter) (Vaults:1)
  2 spiny frogs (shapeshifter)
  16 spiny frogs
  4 vapours
  12 vault sentinels
  12 deep elf summoners
  2 eyes of devastation
  An item mimic (Spider:3)
  2 queen ants
  A pale draconian zombie (D:27)
  A dire elephant skeleton (Crypt:5)
  10 hellwings
  7 komodo dragons
  3 swamp worm zombies (Swamp:5)
  A draconian (shapeshifter) (Vaults:3)
  18 orb spiders
  15 demonic crawlers
  An iron devil (Elf:1)
  The ghost of Whadda the Chopper, an experienced TeBe of Trog (D:5)
  2 fire drakes
  5 iron troll zombies
  A smoke demon (Lair:8)
  3 deep elf priests
  A redback zombie (D:19)
  A yaktaur (shapeshifter) (Vaults:3)
  5 red devils
  78 yaktaurs
  A mottled draconian skeleton (Crypt:3)
  A sea snake skeleton (Crypt:3)
  9 guardian mummies
  An efreet (D:19)
  21 jumping spiders
  3 giant fireflies (shapeshifter)
  A queen bee (shapeshifter) (Vaults:1)
  2 hydra zombies
  2 iron troll skeletons
  3 naga magi
  13 trolls
  3 ettin zombies
  A komodo dragon (shapeshifter) (Vaults:5)
  2 blue devils (D:24)
  A blink frog (shapeshifter) (D:14)
  A silent spectre (Crypt:3)
  A snapping turtle (Lair:5)
  20 two-headed ogres
  3 fire vortices (D:21)
  A jumping spider (shapeshifter) (Elf:3)
  2 ravens (shapeshifter)
  3 giant leeches
  A hydra skeleton (Crypt:3)
  A harpy skeleton (Vaults:1)
  An alligator zombie (Crypt:2)
  46 slime creatures
  A red wasp zombie (Crypt:1)
  4 basilisks
  A raven (Swamp:5)
  11 blink frogs
  6 shadows
  A grizzly bear (Lair:7)
  An octopode (shapeshifter) (Vaults:5)
  6 boulder beetles
  11 bog bodies
  A frost giant simulacrum (D:21)
  A brown ooze (shapeshifter) (Vaults:1)
  53 yaks
  32 trapdoor spiders
  3 air elementals (D:21)
  An ettin skeleton (D:19)
  27 tarantellas
  146 ugly things
  36 deep elf magi
  72 flying skulls
  2 vampires (D:24)
  66 redbacks
  A trapdoor spider (shapeshifter) (D:22)
  2 stone giant simulacra
  A giant firefly zombie (Crypt:1)
  6 water elementals
  11 wraiths
  A wind drake zombie (Crypt:5)
  A hill giant zombie (D:13)
  3 fire elementals (D:21)
  Grum (Orc:2)
  13 wolves
  6 baby alligators
  7 sharks
  6 hippogriffs
  A merfolk (D:7)
  8 clay golems
  2 steam dragons
  7 rock worms
  2 redback simulacra
  2 baby alligators (shapeshifter)
  A hog (shapeshifter) (D:20)
  3 wyverns
  28 deep elf fighters
  A wind drake skeleton (Crypt:1)
  3 hungry ghosts
  43 vampire mosquitoes
  A polar bear (Lair:8)
  3 manticores
  An elephant slug (Lair:8)
  3 deep troll zombies
  3 molten gargoyles (D:21)
  4 small abominations (Crypt:5)
  Edmund (D:6)
  A neqoxec (Elf:3)
  3 necrophages (Crypt:5)
  An iron troll simulacrum (Crypt:2)
  8 mottled dragons
  8 swamp drakes
  36 soldier ants
  2 orange crystal statues
  13 freezing wraiths
  4 deep troll skeletons
  A harpy simulacrum (D:16)
  35 swamp worms
  6 sky beasts
  63 orc warriors
  19 phantoms
  57 ogres
  32 centaurs
  22 ice beasts
  A swamp dragon zombie (Swamp:5)
  2 black bears
  5 porcupines
  10 giant goldfish
  3 nagas (Vaults:1)
  4 wind drake simulacra
  7 wargs
  2 boring beetles
  A fire crab zombie (Crypt:2)
  3 lost souls
  A giant amoeba simulacrum (D:19)
  11 crocodiles
  3 rotting devils
  9 giant slugs
  2 yaktaur zombies
  2 big kobolds
  A brain worm (D:14)
  A silver statue (D:13)
  13 giant frogs
  A giant slug zombie (Vaults:1)
  A komodo dragon zombie (Crypt:1)
  2 cyclops zombies
  2 yaktaur skeletons
  A deep troll simulacrum (Crypt:1)
  A lava worm (D:18)
  7 agate snails
  7 earth elementals (D:21)
  28 insubstantial wisps
  A manticore skeleton (D:14)
  A queen bee zombie (Crypt:1)
  10 jellyfish
  2 boulder beetle zombies
  An elf zombie (Crypt:2)
  A grizzly bear skeleton (Crypt:1)
  2 lava fish
  2 quasits
  A hippogriff skeleton (D:9)
  A wight (Vaults:2)
  16 electric eels
  11 killer bees
  5 goliath beetles
  8 crimson imps
  A giant frog zombie (D:5)
  28 spiders
  2 lava snakes (Bazaar)
  19 water moccasins
  2 basilisk zombies
  A centaur zombie (Crypt:2)
  40 orc wizards
  10 big fish
  A giant frog skeleton (D:6)
  10 hounds
  34 orc priests
  2 water moccasin zombies
  2 centaur skeletons
  7 iguanas
  A warg skeleton (Crypt:4)
  A gnoll shaman (D:4)
  2 jellies
  6 scorpions
  54 worker ants
  A porcupine skeleton (Crypt:4)
  2 orange rats (Elf:3)
  A human zombie (Crypt:1)
  A shapeshifter simulacrum (D:18)
  A mottled dragon zombie (D:12)
  Ijyb (D:6)
  A brain worm zombie (Crypt:3)
  An ogre skeleton (Crypt:4)
  An ogre zombie (D:7)
  2 big kobold skeletons
  15 sheep
  12 boggarts
  A mummy (Crypt:2)
  2 crocodile skeletons
  A mottled dragon skeleton (D:16)
  A hound skeleton (D:4)
  2 worker ant zombies
  27 adders
  19 gnolls
  4 big fish zombies (Swamp:5)
  7 giant centipedes
  64 green rats
  A shadow imp (Elf:3)
  8 giant mites
  13 white imps
  9 worms
  An orc skeleton (Orc:4)
  A scorpion zombie (Crypt:1)
  2 giant eyeballs
  9 giant geckos
  210 orcs
  2 giant cockroaches
  A giant mite zombie (D:9)
  16 goblins
  14 hobgoblins
  18 jackals
  18 kobolds
  13 quokkas
  3 ball pythons
  A ball python skeleton (Crypt:3)
  24 bats
  10 giant newts
  A giant spore (D:13)
  2 hobgoblin skeletons
  3 orc zombies
  2 quokka zombies
  22 rats
  A rat skeleton (D:7)
  A ballistomycete (D:13)
  4 crawling corpses (D:26)
3145 creatures vanquished.

Vanquished Creatures (collateral kills)
  A titan (D:26)
  A shadow dragon (D:26)
  A stone giant (D:26)
  6 vault guards (Vaults:5)
  A yaktaur captain (D:26)
  A deep elf high priest (D:26)
  A death yak (Lair:6)
  An iron golem (D:18)
  A deep troll (D:26)
  An ice statue (IceCv)
  An orc sorcerer (Vaults:4)
  A stone giant skeleton (Vaults:5)
  2 yaktaurs
  A two-headed ogre (Vaults:5)
  A vampire (D:14)
  An ice beast (IceCv)
  2 worker ants (Lair:5)
24 creatures vanquished.

Vanquished Creatures (others)
  A tengu reaver (Vaults:4)
  An unseen horror (D:17)
  A deep elf priest (D:26)
  10 water elementals
  A chaos spawn (Crypt:5)
  16 fire elementals
  A swamp worm (Swamp:2)
  4 lost souls
  A warg (Vaults:2)
  An orc wizard (Orc:2)
  An orange rat (Elf:3)
  An orc (Orc:2)
  A goblin (Orc:2)
  2 kobolds (D:19)
  7 fungi
  A plant (Lair:8)
50 creatures vanquished.

Grand Total: 3219 creatures vanquished

Notes
Turn   | Place    | Note
--------------------------------------------------------------
     0 | D:1      | JacquesDerrida, the Demigod Hunter, began the quest for the Orb.
     0 | D:1      | Reached XP level 1. HP: 17/17 MP: 2/2
   328 | D:1      | Reached skill level 4 in Bows
   349 | D:1      | Reached XP level 2. HP: 18/24 MP: 3/3
  1083 | D:2      | Reached XP level 3. HP: 29/29 MP: 5/5
  1587 | D:2      | Reached skill level 5 in Bows
  1844 | D:3      | Reached XP level 4. HP: 32/36 MP: 7/7
  2398 | D:4      | Found a staircase to the Ecumenical Temple.
  2451 | D:4      | Reached skill level 6 in Bows
  2451 | D:4      | Reached XP level 5. HP: 41/41 MP: 8/8
  2512 | D:4      | Found Struugoq's General Store.
  2546 | D:4      | Bought a scroll of identify for 20 gold pieces
  2546 | D:4      | Bought a potion of porridge for 10 gold pieces
  2546 | D:4      | Bought a potion of heal wounds for 30 gold pieces
  2546 | D:4      | Bought a potion of heal wounds for 30 gold pieces
  2591 | D:4      | Noticed an ogre
  2598 | D:4      | Killed an ogre
  2718 | D:4      | Reached XP level 6. HP: 38/48 MP: 10/10
  2730 | D:4      | Reached skill level 7 in Bows
  3107 | D:5      | Entered Level 5 of the Dungeon
  3159 | D:5      | Reached skill level 8 in Bows
  3159 | D:5      | Reached XP level 7. HP: 40/53 MP: 8/12
  3194 | D:5      | Noticed Whadda's ghost (experienced TeBe)
  3365 | D:5      | Killed Whadda's ghost
  3365 | D:5      | Reached skill level 9 in Bows
  3881 | D:5      | Reached XP level 8. HP: 60/60 MP: 13/13
  3919 | D:5      | Found a shimmering altar of Xom.
  3992 | D:5      | Reached skill level 10 in Bows
  4143 | D:6      | Noticed Ijyb
  4148 | D:6      | Killed Ijyb
  4260 | D:6      | Noticed Edmund
  4285 | D:6      | Killed Edmund
  4533 | D:6      | Reached skill level 11 in Bows
  4800 | D:6      | Found a staircase to the Orcish Mines.
  4874 | D:6      | Reached XP level 9. HP: 26/66 MP: 6/15
  4982 | D:6      | Found a radiant altar of Vehumet.
  5361 | D:4      | Bought a scroll of enchant weapon II for 55 gold pieces
  5361 | D:4      | Bought a scroll of enchant weapon I for 55 gold pieces
  5662 | D:7      | Found Ruunlaur's Armour Emporium.
  5672 | D:7      | Reached skill level 12 in Bows
  5950 | D:7      | Found Ochualegg's General Store.
  6200 | D:7      | Noticed an eye of devastation
  6218 | D:7      | Killed an eye of devastation
  6437 | D:7      | Reached skill level 13 in Bows
  6485 | D:7      | Found Ismyont's Armour Emporium.
  6489 | D:7      | Bought a +0 cloak for 15 gold pieces
  6571 | D:7      | Found Reodugibb's Magical Wand Emporium.
  6989 | D:8      | Learned a level 2 spell: Corpse Rot
  7554 | D:8      | Found Munant's Hardware Store.
  7584 | D:9      | Found Khidipt's Jewellery Shoppe.
  7600 | D:9      | Reached XP level 10. HP: 59/73 MP: 13/17
  7835 | D:9      | Found a staircase to the Lair.
  7943 | D:9      | Reached skill level 14 in Bows
  7956 | D:9      | Noticed a skeletal warrior
  7956 | D:9      | Noticed a skeletal warrior
  7956 | D:9      | Noticed a skeletal warrior
  8022 | Lair:1   | Entered Level 1 of the Lair of Beasts
  8427 | Lair:1   | Found a frozen archway.
  8534 | IceCv    | Entered an ice cave
  8593 | IceCv    | Reached skill level 15 in Bows
  8615 | IceCv    | Noticed an ice statue
  8615 | IceCv    | Noticed an ice statue
  8629 | IceCv    | Killed an ice statue
  8637 | IceCv    | Killed an ice statue
  8731 | IceCv    | Noticed an ice dragon
  8744 | IceCv    | Killed an ice dragon
  8744 | IceCv    | Reached XP level 11. HP: 79/79 MP: 18/18
  8745 | IceCv    | Noticed an ice dragon
  8757 | IceCv    | Killed an ice dragon
  9103 | Lair:1   | Upgraded the game from 0.13.0-21-ge43020b to 0.13.0-25-g43d4df3
  9673 | Lair:1   | Reached skill level 1 in Fighting
 10016 | D:9      | Got a dazzling hand axe
 10018 | D:9      | Identified the cursed hand axe of Execution {drain, rF+ rN+ Stlth+} (You found it on level 9 of the Dungeon)
 10135 | D:9      | Reached skill level 1 in Axes
 10247 | D:10     | Entered Level 10 of the Dungeon
 10572 | D:10     | Found Mesku's Assorted Antiques.
 10824 | D:11     | Identified a scroll of acquirement
 10827 | D:11     | Got a shimmering bow
 10829 | D:11     | Identified the +9,+9 bow "Pailegg" {venom, rElec MR++} (You acquired it on level 11 of the Dungeon)
 10908 | D:11     | Found Apanlug's Weapon Shoppe.
 11128 | D:11     | JacquesDerrida: oh bow here we go
 11131 | D:11     | JacquesDerrida: oh screw you (((
 11131 | D:11     | Got a crude dire flail
 11133 | D:11     | Identified the dire flail of Anguish {flame, rF+ SInv} (You acquired it on level 11 of the Dungeon)
 11249 | D:11     | JacquesDerrida: now we are talking
 11302 | D:11     | Noticed a six-headed hydra
 11311 | D:11     | Killed a six-headed hydra
 11368 | D:10     | Bought 3 scrolls of enchant armour for 445 gold pieces
 11760 | Orc:1    | Entered Level 1 of the Orcish Mines
 11833 | Orc:1    | Reached skill level 5 in Dodging
 11907 | Orc:1    | Reached skill level 1 in Armour
 12342 | Orc:2    | Noticed Harold
 12356 | Orc:2    | Killed Harold
 12439 | Orc:2    | Noticed Grum
 12451 | Orc:2    | Killed Grum
 12583 | Orc:2    | Noticed Erica
 12588 | Orc:2    | Killed Erica
 12612 | Orc:2    | Reached skill level 5 in Armour
 12737 | Orc:2    | Noticed Urug
 12754 | Orc:2    | Killed Urug
 12754 | Orc:2    | Reached XP level 12. HP: 85/90 MP: 19/19
 12755 | Orc:2    | stonewall: lol
 12755 | Orc:2    | JacquesDerrida: меткость
 12979 | Orc:4    | Entered Level 4 of the Orcish Mines
 13059 | Orc:4    | Reached skill level 1 in Spellcasting
 13302 | Orc:4    | Gained mutation: Your magical capacity is low (-10% MP). [a neqoxec]
 13632 | Orc:3    | Found a staircase to the Elven Halls.
 13918 | Orc:4    | Reached skill level 5 in Spellcasting
 14104 | Orc:4    | Found Twiatsacle's Food Shoppe.
 14159 | Orc:4    | Found Boalep's Distillery.
 14159 | Orc:4    | Found Nacarph's Antique Armour Boutique.
 14163 | Orc:4    | Found Miwam's Armour Shoppe.
 14192 | Orc:4    | Bought a fine cloak for 156 gold pieces
 14198 | Orc:4    | Identified the +0 cloak of the Lost Places {Str-3 Int+3} (You bought it in a shop on level 4 of the Orcish Mines)
 14215 | Orc:4    | Bought a potion of heal wounds for 45 gold pieces
 14215 | Orc:4    | Bought a potion of agility for 37 gold pieces
 14215 | Orc:4    | Bought a potion of heal wounds for 45 gold pieces
 14279 | Orc:4    | Noticed an orc warlord
 14430 | D:7      | Bought a wand of hasting (7) for 660 gold pieces
 15314 | Lair:3   | Noticed an eight-headed hydra
 15325 | Lair:3   | Killed an eight-headed hydra
 15465 | Lair:3   | Reached skill level 5 in Fighting
 15619 | Lair:3   | Found a staircase to the Swamp.
 16023 | Lair:3   | Reached XP level 13. HP: 96/99 MP: 26/26
 16893 | Lair:5   | Reached skill level 16 in Bows
 17207 | Lair:5   | Paralysed by a potion of paralysis for 3 turns
 17848 | Lair:5   | Found a hole to the Spider Nest.
 17975 | Lair:6   | Noticed CowboyDan's ghost (powerful SpAr)
 17987 | Lair:6   | Killed CowboyDan's ghost
 17987 | Lair:6   | Reached skill level 17 in Bows
 18667 | Lair:7   | Found a staircase to the Slime Pits.
 19111 | Lair:8   | Entered Level 8 of the Lair of Beasts
 19777 | Lair:8   | Reached skill level 1 in Evocations
 19801 | Lair:8   | Reached XP level 14. HP: 75/107 MP: 22/27
 20364 | Lair:8   | Reached skill level 18 in Bows
 20417 | Lair:8   | Found a burning altar of Makhleb.
 20620 | Lair:8   | Found a gateway to Hell.
 21936 | D:13     | Found a portal to a secret trove of treasure.
 22015 | D:13     | Learned a level 3 spell: Flight
 22217 | D:13     | Reached skill level 1 in Charms
 22629 | D:7      | Bought the +9 armour of the Dragon King {rPois rF+ rC+ MR+} for 3285 gold pieces
 22633 | D:7      | Vidiiot: Wow.
 22658 | D:8      | Vidiiot: I can imagine this trove being shit
 22781 | D:13     | JacquesDerrida: )))
 22781 | D:13     | JacquesDerrida: well it cost me just 1 qcquirement scroll
 22781 | D:13     | Vidiiot: Oh really
 22781 | D:13     | Vidiiot: Was that for gold? :P
 22781 | D:13     | JacquesDerrida: It gave 4000 gold
 22781 | D:13     | Vidiiot: Wow
 22781 | D:13     | Vidiiot: Nice.
 22781 | D:13     | JacquesDerrida: he-he yes
 22781 | D:13     | Vidiiot: Really nice.
 22781 | D:13     | JacquesDerrida: very lucky indeed
 22792 | Trove    | Entered a treasure trove
 22846 | Trove    | Vidiiot: Potion trove.
 22851 | Trove    | Vidiiot: Hahahaha
 22883 | Trove    | JacquesDerrida: looks not too bad
 22884 | Trove    | Vidiiot: I wonder what those unid'd pots are
 22885 | Trove    | Vidiiot: Ehhh
 22885 | Trove    | Lost mutation: Your magical capacity is low (-10% MP). [potion of cure mutation]
 22886 | Trove    | Vidiiot: Sort of worth it
 22886 | Trove    | Gained mutation: You passively map a small area around you. [potion of beneficial mutation]
 22887 | Trove    | JacquesDerrida: yeah I guess
 22887 | Trove    | Vidiiot: Maybe a pot of exp would've been better
 22887 | Trove    | JacquesDerrida: now I can rest with a peaceful heart
 23570 | D:14     | Entered Level 14 of the Dungeon
 23584 | D:14     | Found Psaojeol's General Store.
 23623 | D:14     | Bought a scroll of recharging for 71 gold pieces
 23668 | D:14     | Found a blossoming altar of Fedhas.
 23795 | D:14     | Found Baj Brai's Food Emporium.
 23797 | D:14     | Found Sejausu's Jewellery Shop.
 23813 | D:14     | Bought the ring of the Duchess {SustAb Dex+3 Dam+4} for 728 gold pieces
 23886 | D:14     | Found Lalum's Book Boutique.
 24118 | D:14     | Found Deyw Ola's Jewellery Shoppe.
 24171 | D:14     | Noticed Maud
 24187 | D:14     | Killed Maud
 24214 | D:14     | Found a sparkling altar of Nemelex Xobeh.
 24298 | D:15     | Entered Level 15 of the Dungeon
 24427 | D:15     | Reached skill level 5 in Charms
 24696 | D:15     | Noticed Nikola
 24709 | D:15     | Killed Nikola
 25578 | D:16     | Found a glowing silver altar of Zin.
 26116 | D:16     | Reached XP level 15. HP: 114/114 MP: 31/31
 26333 | D:17     | Noticed ereinion's ghost (powerful MiBe)
 26411 | D:17     | Killed ereinion's ghost
 26529 | D:17     | Found a snail-covered altar of Cheibriados.
 26605 | D:17     | Paralysed by you for 6 turns
 26729 | D:17     | Got a warped robe
 26730 | D:17     | Identified the +0 robe of Night {Dex+1 Acc+3} (You found it on level 17 of the Dungeon)
 27016 | D:17     | Identified the Incunabulum of Spatial Venom (You found it on level 17 of the Dungeon)
 27020 | D:17     | Learned a level 2 spell: Portal Projectile
 27491 | D:17     | Reached skill level 1 in Translocations
 27562 | D:18     | Found a labyrinth entrance.
 27571 | Lab      | Entered a labyrinth
 27918 | Lab      | Learned a level 2 spell: Repel Missiles
 27922 | Lab      | Learned a level 3 spell: Regeneration
 28260 | D:18     | Noticed Snorg
 28262 | D:18     | Found Lalum's Gadget Shoppe.
 28271 | D:18     | Killed Snorg
 28271 | D:18     | Reached skill level 10 in Charms
 29472 | D:14     | Bought a book of Wizardry for 300 gold pieces
 29481 | D:14     | Learned a level 6 spell: Haste
 29900 | Elf:1    | Entered Level 1 of the Elven Halls
 30050 | Elf:1    | Found Vali Mies' Magical Wand Emporium.
 30230 | Elf:1    | Noticed Nessos
 30245 | Elf:1    | Killed Nessos
 30357 | Elf:1    | Reached skill level 19 in Bows
 30748 | Elf:2    | Found Fitar's Magical Wand Shop.
 30757 | Elf:2    | Bought a wand of teleportation (4) for 336 gold pieces
 31332 | Elf:3    | Entered Level 3 of the Elven Halls
 32565 | D:19     | Found a staircase to the Vaults.
 32586 | D:19     | Noticed Scotch's ghost (powerful DgHu)
 32600 | D:19     | Killed Scotch's ghost
 32600 | D:19     | Reached XP level 16. HP: 93/121 MP: 32/32
 32831 | D:19     | Reached skill level 20 in Bows
 34315 | D:20     | Entered Level 20 of the Dungeon
 34888 | D:20     | Reached skill level 21 in Bows
 35319 | D:21     | Found a one-way gate to the infinite horrors of the Abyss.
 35639 | D:21     | Noticed Boris
 35682 | D:21     | Killed Boris
 35740 | D:21     | Found a one-way gate leading to the halls of Pandemonium.
 35844 | D:21     | Noticed Mara
 35875 | D:21     | Killed Mara
 36120 | Vaults:1 | Entered Level 1 of the Vaults
 36416 | Vaults:1 | Got a distressingly furry cloak
 36417 | Vaults:1 | Identified the cursed -2 cloak of the Gloaming {Str-3 Int-1} (You found it on level 1 of the Vaults)
 36599 | Vaults:1 | Reached XP level 17. HP: 85/127 MP: 32/32
 37190 | Vaults:1 | Reached skill level 5 in Axes
 37911 | Vaults:2 | Found a staircase to the Crypt.
 38766 | Vaults:2 | Found Ubrar's Food Emporium.
 39684 | Vaults:3 | Found Sexowuopn's Distillery.
 39690 | Vaults:3 | Bought a potion of slowing for 11 gold pieces
 39816 | Vaults:3 | Found a flickering gateway to a bazaar.
 39879 | Bazaar   | Entered a bazaar
 39879 | Bazaar   | Found Casog's Food Boutique.
 39882 | Bazaar   | Found Stiom's Assorted Antiques.
 39913 | Bazaar   | Found Protiden's Weapon Boutique.
 39921 | Bazaar   | Found Betad's Assorted Antiques.
 39928 | Bazaar   | Bought a shiny orcish helmet for 46 gold pieces
 39942 | Bazaar   | Bought a scroll of enchant armour for 126 gold pieces
 40089 | Vaults:3 | Noticed yokelz's ghost (mighty GrBe)
 40110 | Vaults:3 | Killed yokelz's ghost
 40256 | Vaults:3 | Found Schuam's Weapon Boutique.
 40381 | Vaults:3 | Found Bostez's Weapon Emporium.
 40391 | Vaults:3 | Bought 7 arrows of dispersal for 42 gold pieces
 40391 | Vaults:3 | Bought 16 arrows of frost for 80 gold pieces
 40900 | Vaults:3 | Found a staircase to the Hall of Blades.
 41335 | Vaults:3 | Reached skill level 10 in Armour
 41346 | Vaults:3 | Got a smoking lajatang
 41348 | Vaults:3 | Identified the cursed -1,+2 lajatang of Xoplig {drain, +Fly} (You took it off an orc warrior on level 3 of the Vaults)
 41623 | Vaults:3 | Reached XP level 18. HP: 80/139 MP: 33/33
 41800 | Vaults:4 | Noticed Saint Roka
 41817 | Vaults:4 | Killed Saint Roka
 43294 | Vaults:4 | Noticed Sojobo
 43796 | Vaults:4 | Killed Sojobo
 43920 | Vaults:4 | Reached skill level 10 in Dodging
 45285 | Elf:3    | Reached XP level 19. HP: 98/145 MP: 31/35
 45521 | Elf:3    | Noticed a deep elf master archer
 45528 | Elf:3    | Killed a deep elf master archer
 45645 | Elf:3    | Noticed a deep elf blademaster
 45652 | Elf:3    | Killed a deep elf blademaster
 45864 | Elf:3    | Reached skill level 22 in Bows
 46053 | Elf:3    | Identified a +2 rod of demonology (13/13) (You found it on level 3 of the Elven Halls)
 46059 | Elf:3    | Got a smoking golden ring
 46080 | Elf:3    | Identified the ring "Twaisick" {+/*Tele rC+ Dex-2} (You found it on level 3 of the Elven Halls)
 46137 | Elf:3    | Identified Nuyg's Grimoire of Curses
 46176 | Elf:3    | Got a steaming wooden ring
 46180 | Elf:3    | Identified the Collected Works on Ashen Enchantment
 46231 | Elf:3    | Learned a level 4 spell: Control Teleport
 46250 | Elf:3    | Identified the ring of Troy {EV+3 Str+4 Int+4} (You found it on level 3 of the Elven Halls)
 46610 | Elf:3    | Identified Erolcha's Reference Book on Confrontation
 47110 | Spider:1 | Entered Level 1 of the Spider Nest
 47684 | Spider:2 | Noticed Arachne
 47714 | Spider:2 | Killed Arachne
 49115 | Spider:4 | Noticed Aizul
 49159 | Spider:4 | Killed Aizul
 49480 | Spider:4 | Reached skill level 23 in Bows
 49536 | Spider:4 | Learned a level 5 spell: Silence
 49787 | Spider:5 | Entered Level 5 of the Spider Nest
 49807 | Spider:5 | Reached skill level 1 in Air Magic
 50253 | Spider:5 | Reached XP level 20. HP: 153/153 MP: 36/36
 50385 | Spider:5 | Reached skill level 5 in Air Magic
 50684 | Spider:5 | Got a gossamer rune of Zot
 51061 | D:8      | Bought a manual of Evocations for 1766 gold pieces
 51163 | Swamp:1  | Entered Level 1 of the Swamp
 51299 | Swamp:1  | Reached skill level 5 in Evocations
 51393 | Swamp:1  | Reached skill level 1 in Hexes
 52247 | Swamp:2  | Upgraded the game from 0.13.0-25-g43d4df3 to 0.13.0-26-gf7ffa3a
 52930 | Swamp:5  | Entered Level 5 of the Swamp
 53309 | Swamp:5  | Noticed Boris
 53332 | Swamp:5  | Killed Boris
 53612 | Swamp:5  | Reached skill level 5 in Hexes
 53645 | Swamp:5  | Got a decaying rune of Zot
 53653 | Swamp:5  | Reached skill level 10 in Evocations
 54797 | Vaults:5 | Entered Level 5 of the Vaults
 55507 | Vaults:5 | Reached XP level 21. HP: 127/158 MP: 33/37
 55570 | Vaults:5 | Got a bloodstained cloak
 55602 | Vaults:5 | Identified the cursed +2 cloak of Genyryd {rF+ Int-3} (You found it on level 5 of the Vaults)
 55943 | Vaults:5 | Got a sparkling amber ring
 55950 | Vaults:5 | Learned a level 2 spell: Swiftness
 55959 | Vaults:5 | Got a faintly humming scale mail
 55961 | Vaults:5 | Identified the ring "Frihuawk" {rF+ rC+ rN+} (You found it on level 5 of the Vaults)
 55961 | Vaults:5 | Identified the +8 scale mail of the Pure Orbs {+Blink +Inv} (You found it on level 5 of the Vaults)
 55973 | Vaults:5 | Found Ghuac's Gadget Boutique.
 56204 | Vaults:5 | Got a silver rune of Zot
 56461 | Vaults:5 | Got a flickering lapis lazuli ring
 56466 | Vaults:5 | Identified the ring of Lugonu's Anger {SustAb Dex+1} (You found it on level 5 of the Vaults)
 56557 | Vaults:5 | Reached skill level 10 in Air Magic
 56758 | Vaults:5 | Identified the Reference Book on Hexes
 56763 | Vaults:5 | Identified the Reference Book on Dusty Curses
 56768 | Vaults:5 | Got an ancient wizard hat
 56769 | Vaults:5 | Identified the +2 wizard hat "Ciggaoleth" {Str+2 Dex+1} (You found it on level 5 of the Vaults)
 56916 | Vaults:5 | Learned a level 3 spell: Abjuration
 58721 | D:21     | Identified the Tome of Spores
 58725 | D:21     | Identified Kaghaipo's Compendium of the Mountains
 59084 | D:17     | Got a scintillating lead ring
 59086 | D:17     | Identified the ring of the Evening {Wiz rC++ SInv} (You found it on level 17 of the Dungeon)
 59242 | D:22     | Noticed a lich
 59256 | D:22     | Killed a lich
 60315 | D:23     | Identified the Almanac of the Creative Volcanoes
 60489 | D:23     | Found a gateway to a bazaar.
 60496 | Bazaar   | Entered a bazaar
 60555 | Bazaar   | Found Qabro's Jewellery Shoppe.
 60587 | Bazaar   | Found Dethruenn's Book Shoppe.
 60665 | Bazaar   | Found Broi's Jewellery Boutique.
 60730 | Bazaar   | Found Wuodeucucs' Book Shoppe.
 60740 | Bazaar   | Upgraded the game from 0.13.0-26-gf7ffa3a to 0.13.0-27-gc65393c
 60847 | Bazaar   | Upgraded the game from 0.13.0-27-gc65393c to 0.13.0-28-g1b50097
 60937 | Bazaar   | Bought a manual of Necromancy for 1214 gold pieces
 60937 | Bazaar   | Bought a Necronomicon for 1214 gold pieces
 61633 | D:9      | Killed a skeletal warrior
 61668 | D:9      | Killed a skeletal warrior
 61699 | D:9      | Killed a skeletal warrior
 62834 | D:24     | Reached XP level 22. HP: 152/170 MP: 38/38
 63453 | D:24     | Reached skill level 15 in Air Magic
 63763 | D:25     | Entered Level 25 of the Dungeon
 63802 | D:25     | Upgraded the game from 0.13.0-28-g1b50097 to 0.13.0-29-gdb529de
 64791 | D:26     | JacquesDerrida: WE ARE FAST
 64791 | D:26     | JacquesDerrida: AS A TURTLE
 64795 | D:26     | 4tharraofdagon: LIVE FAST DIE HARD
 64802 | D:26     | 4tharraofdagon: do you feel that MAIGHT with demi
 64802 | D:26     | 4tharraofdagon: you are fuckin demiGOD
 64802 | D:26     | JacquesDerrida: actually yes
 64802 | D:26     | JacquesDerrida: they are sturdy as shit
 64802 | D:26     | JacquesDerrida: but not very interesting
 64802 | D:26     | 4tharraofdagon: i cant break them without lucky items
 64802 | D:26     | JacquesDerrida: shoot shoot shoot
 64802 | D:26     | JacquesDerrida: well I have plenty )))
 64802 | D:26     | 4tharraofdagon: you seem to do well with bow
 64802 | D:26     | JacquesDerrida: yeah with this slaying
 64802 | D:26     | 4tharraofdagon: i dont see any future in hu besides large rocks
 64803 | D:26     | 4tharraofdagon: i have to learn
 64803 | D:26     | 4tharraofdagon: LEARN BY HEART
 64803 | D:26     | 4tharraofdagon: k,cya and gl
 65186 | D:26     | Got a twisted short sword
 65795 | D:27     | Entered Level 27 of the Dungeon
 66230 | D:27     | Reached XP level 23. HP: 150/178 MP: 37/38
 67960 | Crypt:1  | Entered Level 1 of the Crypt
 68254 | Crypt:1  | Noticed Donald
 68269 | Crypt:1  | Killed Donald
 70602 | Crypt:4  | Noticed an ancient lich
 70612 | Crypt:4  | Killed an ancient lich
 70829 | Crypt:4  | Noticed Vidiiot's ghost (great TeGl)
 70846 | Crypt:4  | Killed Vidiiot's ghost
 71258 | Crypt:5  | Entered Level 5 of the Crypt
 71538 | Crypt:5  | Found an ancient bone altar of Kikubaaqudgha.
 71550 | Crypt:5  | Reached skill level 10 in Spellcasting
 72047 | Crypt:5  | Noticed Jorgrun
 72254 | Crypt:5  | Reached XP level 24. HP: 186/186 MP: 40/40
 72330 | Crypt:5  | Killed Jorgrun
 73024 | Crypt:5  | Got a flickering bone ring
 73025 | Crypt:5  | Identified the ring of Kurph {MP+9 Acc+4} (You found it on level 5 of the Crypt)
 73140 | Crypt:5  | Noticed Khufu
 73164 | Crypt:5  | Killed Khufu
 73168 | Crypt:5  | HP: 7/186 [reaper/glowing scythe[an indirect mummy death curse] (39)]
 73168 | Crypt:5  | HP: 2/186 [reaper/glowing scythe[an indirect mummy death curse] (5)]
 73168 | Crypt:5  | Slain by a vampire

Action                   |  1- 3 |  4- 6 |  7- 9 | 10-12 | 13-15 | 16-18 | 19-21 | 22-24 || total
-------------------------+-------+-------+-------+-------+-------+-------+-------+-------++-------
Melee: Short sword       |   174 |    84 |    83 |    94 |       |       |       |       ||   435
       Whip              |       |       |    48 |       |       |       |       |       ||    48
       Flail             |       |       |     9 |       |       |       |       |       ||     9
       Hand axe          |       |       |       |   350 |   735 |   206 |   549 |       ||  1840
       Longbow           |       |       |       |       |     2 |       |       |       ||     2
       Unarmed           |       |       |       |       |       |       |     9 |       ||     9
 Fire: Bow               |    45 |   147 |   419 |   735 |   728 |     9 |    50 |       ||  2133
       Longbow           |       |       |       |       |   809 |  2446 |  2365 |  2340 ||  7960
 Cast: Regeneration      |       |       |       |       |    18 |    72 |    70 |    64 ||   224
       Repel Missiles    |       |       |       |       |    13 |    43 |    46 |    31 ||   133
       Flight            |       |       |       |       |    12 |       |     8 |     3 ||    23
       Haste             |       |       |       |       |       |     6 |    15 |    11 ||    32
       Control Teleport  |       |       |       |       |       |       |     3 |     2 ||     5
       Silence           |       |       |       |       |       |       |     2 |     6 ||     8
       Portal Projectile |       |       |       |       |       |       |       |    35 ||    35
       Swiftness         |       |       |       |       |       |       |       |     1 ||     1
Evoke: Wand              |       |       |     1 |    10 |    15 |    22 |     5 |     5 ||    58
       Miscellaneous     |       |       |       |     2 |     5 |     4 |    11 |     3 ||    25
  Use: Scroll            |       |     3 |    16 |    20 |    27 |    14 |    30 |    15 ||   125
       Potion            |       |     1 |    10 |     3 |    11 |    12 |     7 |     8 ||    52
 Stab: Sleeping          |     2 |     1 |       |     6 |    11 |     2 |     2 |       ||    24
       Distracted        |       |       |       |       |     3 |       |       |       ||     3
